Map: Gresvan LE

Players

qwe

  • Race: Terran Terran
  • Spawn Location: 5:00

IIIIIIIIIII - Winner!

  • Race: Protoss Protoss
  • Spawn Location: 11:00

VOD

Have the link to the VOD?

Description

Time

  • Played on: Feb. 17, 2023, 9:44 p.m.
  • Length: 13:51
Show
View Real Time Build Order
Export as new Build Order

qwe Terran 

Build Orders: Reaper Expand 

Get SALT Encoding   

  12  0:00  SCV  
  13  0:12  SCV  
  14  0:17  Supply Depot  
  14  0:24  SCV  
  15  0:38  SCV  
  15  0:40  Barracks  
  16  0:44  Refinery  
  16  0:51  SCV  
  17  1:03  SCV  
  18  1:15  SCV  
  19  1:27  Reaper  
  19  1:28  Orbital Command  
  20  1:41  Command Center  
  20  1:48  Bunker  
  20  1:54  SCV  
  20  1:59  Marine  
  22  2:03  Supply Depot  
  22  2:06  SCV  
  23  2:15  Factory  
  23  2:22  Refinery  
  23  2:23  Barracks Reactor  
  23  2:25  SCV  
  24  2:39  SCV  
  25  2:51  SCV  
  25  2:53  Orbital Command  
  26  2:59  Hellion  
  26  3:01  Marine, Starport  
  26  3:02  Marine  
  26  3:03  SCV  
  31  3:16  SCV  
  31  3:18  SCV  
  31  3:19  Marine x2  
  34  3:21  Factory Tech Lab  
  35  3:28  SCV, Supply Depot  
  35  3:31  SCV  
  37  3:40  SCV  
  38  3:43  SCV, Marine x2  
  38  3:45  Raven  
  38  3:46  Factory Tech Lab  
  43  3:50  Supply Depot  
  43  3:52  SCV  
  43  3:53  Engineering Bay  
  45  3:55  SCV  
  45  4:00  Marine  
  45  4:01  Marine  
  47  4:05  SCV, Siege Tank  
  51  4:10  Refinery  
  51  4:11  SCV  
  51  4:13  Supply Depot  
  53  4:17  SCV  
  53  4:18  Marine  
  53  4:20  Terran Infantry Weapons Level 1  
  53  4:23  SCV  
  55  4:30  SCV  
  55  4:31  Barracks  
  55  4:32  Barracks  
  55  4:35  SCV  
  56  4:41  Starport Reactor  
  56  4:42  SCV  
  56  4:44  Marine x2  
  56  4:45  Factory Tech Lab  
  59  4:47  SCV  
  60  4:54  SCV, Refinery  
  60  4:55  Supply Depot  
  62  5:00  SCV  
  62  5:02  Marine x2  
  62  5:04  Siege Tank  
  62  5:06  SCV  
  68  5:12  SCV  
  69  5:17  Supply Depot  
  69  5:19  SCV, Marine  
  71  5:23  Marine  
  71  5:24  SCV, Stimpack  
  71  5:25  Combat Shield  
  71  5:26  Marauder x2  
  77  5:31  SCV  
  78  5:38  Marine  
  78  5:39  Siege Tank  
  78  5:41  Supply Depot  
  82  5:45  Supply Depot  
  82  5:46  Medivac  
  82  5:47  Medivac  
  86  6:02  Marauder  
  86  6:13  Command Center  
  86  6:14  SCV, Marine x2, Siege Tank, Terran Infantry Armor Level 1, Marauder  
  94  6:23  Marine  
  93  6:31  Medivac  
  95  6:33  Barracks, Medivac  
  95  6:34  Barracks  
  95  6:36  Marauder  
  98  6:42  Marine  
  98  6:43  Marauder  
  101  6:48  Marine  
  102  7:02  Marine, Medivac  
  102  7:03  Marauder  
  102  7:04  Marauder  
  94  7:23  Marine, Medivac  
  94  7:24  Marauder  
  94  7:26  Marauder  
  94  7:29  Marine  
  82  7:30  Marine  
  73  7:37  Marine  
  73  7:40  Medivac  
  67  7:46  Marine x2  
  67  7:50  Marine  
  70  7:52  Marine  
  70  7:53  Marauder  
  70  7:56  Marine  
  74  7:59  SCV  
  69  8:17  Marauder  
  69  8:18  Marauder  
  72  8:28  Marine, Orbital Command  
  72  8:29  Marine x3  
  76  8:38  Marine x2  
  78  8:46  Marine x2, Siege Tank  
  78  8:47  Marine x2  
  85  8:53  Liberator  
  88  8:56  Marine x2  
  88  9:01  SCV x2  
  92  9:04  Marine x3  
  92  9:05  Marine  
  96  9:14  Marine  
  97  9:19  Orbital Command  
  97  9:21  SCV x2  
  97  9:22  Marine x2  
  102  9:25  Marine x2  
  102  9:27  Siege Tank  
  105  9:33  SCV  
  105  9:37  Liberator  
  109  9:40  Marine  
  110  9:47  Marine x2  
  109  10:02  Marine x2  
  109  10:03  Marine, Orbital Command  
  104  10:07  Marine x2  
  104  10:08  Marauder  
  104  10:10  Ghost Academy  
  105  10:20  Marine  
  102  10:27  SCV x2  
  101  10:31  SCV  
  102  10:39  SCV x2  
  104  10:43  SCV  
  104  10:47  Marine  
  106  10:50  Sensor Tower  
  106  10:51  SCV  
  106  10:52  SCV  
  106  10:54  Marine  
  106  10:55  SCV  
  110  10:57  Marine x3  
  110  11:02  Marine  
  110  11:03  SCV  
  116  11:04  SCV  
  116  11:07  SCV  
  116  11:08  Marine  
  114  11:12  Liberator, Marine  
  114  11:15  SCV, Marine  
  114  11:16  SCV  
  118  11:24  Ghost  
  114  11:25  Barracks Tech Lab  
  114  11:30  Siege Tank, Refinery x2  
  117  11:33  SCV  
  118  11:45  SCV  
  119  11:48  Marine x2  
  119  11:53  Marine  
  122  11:54  Ghost  
  122  11:57  SCV  
  122  11:58  Supply Depot  
  122  11:59  Supply Depot x2  
  125  12:10  Ghost  
  125  12:11  SCV x2, Siege Tank  
  132  12:19  Ghost  
  134  12:22  Ghost  
  136  12:32  Liberator  
  139  12:39  Ghost  
  141  12:48  Ghost  
  114  13:09  Ghost  
  114  13:10  Siege Tank  
  114  13:11  Barracks Tech Lab, Marine x2  
  114  13:12  Marauder  
  105  13:16  Marine  
  106  13:27  Engineering Bay  
  106  13:28  Armory  
  106  13:29  Marine x2  
Show
View Real Time Build Order
Export as new Build Order

IIIIIIIIIII Protoss - Winner!

Build Orders: 1 Gate Expand, Blink Stalkers 

Get SALT Encoding   

  12  0:00  Probe  
  13  0:12  Probe  
  14  0:16  Pylon  
  14  0:24  Probe (Chrono Boost)  
  16  0:36  Gateway  
  16  0:37  Probe (Chrono Boost)  
  16  0:42  Probe (Chrono Boost)  
  16  0:46  Assimilator  
  17  0:51  Probe  
  18  1:03  Probe  
  19  1:15  Probe  
  20  1:25  Nexus  
  20  1:35  Cybernetics Core  
  20  1:38  Pylon  
  20  1:43  Assimilator  
  20  1:45  Probe  
  21  1:57  Probe  
  22  2:10  Probe  
  22  2:11  Adept (Chrono Boost)  
  25  2:17  Warp Gate  
  25  2:22  Probe  
  26  2:32  Adept  
  28  2:53  Twilight Council  
  28  2:57  Probe x2 (Chrono Boost)  
  32  3:06  Probe x2 (Chrono Boost)  
  32  3:08  Gateway  
  32  3:11  Probe x2 (Chrono Boost)  
  34  3:21  Robotics Facility  
  34  3:23  Probe (Chrono Boost)  
  34  3:24  Blink (Chrono Boost)  
  36  3:28  Assimilator  
  36  3:29  Probe (Chrono Boost)  
  36  3:30  Assimilator  
  36  3:32  Probe (Chrono Boost)  
  37  3:36  Probe (Chrono Boost)  
  37  3:37  Probe  
  41  3:47  Probe  
  42  3:49  Probe  
  42  3:50  Pylon  
  41  3:56  Gateway  
  41  3:59  Probe  
  41  4:01  Probe  
  43  4:06  Stalker  
  43  4:09  Observer, Stalker  
  48  4:10  Pylon  
  48  4:11  Probe  
  48  4:13  Probe  
  50  4:23  Probe  
  51  4:26  Probe  
  52  4:33  Observer  
  52  4:35  Probe  
  52  4:36  Stalker x2  
  58  4:46  Probe  
  58  4:47  Probe  
  58  4:51  Observer  
  60  4:56  Nexus  
  60  4:58  Probe, Pylon  
  61  5:03  Robotics Bay  
  61  5:05  Probe  
  61  5:11  Probe  
  62  5:14  Immortal (Chrono Boost)  
  62  5:16  Charge (Chrono Boost)  
  66  5:24  Gateway  
  66  5:26  Probe x2  
  66  5:27  Observer  
  68  5:29  Gateway  
  68  5:38  Probe  
  68  5:39  Gateway  
  68  5:41  Probe  
  68  5:42  Gateway  
  70  5:45  Gateway  
  70  5:53  Pylon  
  70  5:56  Pylon  
  70  5:58  Pylon  
  70  6:00  Pylon  
  70  6:07  Disruptor (Chrono Boost), Shield Battery  
  70  6:09  Probe (Chrono Boost)  
  76  6:11  Extended Thermal Lance  
  76  6:14  Probe x2 (Chrono Boost)  
  76  6:17  Sentry x3  
  76  6:18  Probe (Chrono Boost)  
  83  6:23  Probe x2 (Chrono Boost)  
  85  6:31  Probe  
  86  6:33  Colossus (Chrono Boost)  
  90  6:40  Pylon  
  90  6:42  Pylon  
  90  6:45  Zealot x5  
  99  7:02  Stalker x3  
  101  7:17  Zealot x4  
  101  7:19  Colossus (Chrono Boost)  
  106  7:23  Zealot  
  92  7:31  Zealot x3  
  88  7:43  Zealot x3  
  88  7:44  Zealot x2  
  78  7:53  Zealot x3  
  83  8:00  Nexus, Templar Archives, Pylon  
  81  8:05  Zealot x2  
  81  8:06  Zealot x2  
  85  8:14  Stalker x2  
  85  8:15  Sentry x2  
  93  8:27  Zealot  
  93  8:28  Stalker x2  
  93  8:29  Observer  
  99  8:43  Probe  
  99  8:44  Shield Battery, Probe  
  101  8:55  Pylon x2  
  101  9:02  Pylon  
  101  9:07  Pylon  
  101  9:08  Colossus (Chrono Boost)  
  101  9:15  Shield Battery  
  101  9:16  High Templar x4  
  115  9:20  Archon  
  115  9:21  Archon  
  115  9:22  Forge  
  115  9:28  Zealot x2  
  119  9:42  Pylon  
  119  9:46  Zealot x2  
  119  9:50  Templar Archives  
  123  10:01  Zealot x5  
  132  10:19  Robotics Bay  
  132  10:23  Pylon  
  132  10:35  Pylon  
  132  10:38  Pylon x2  
  132  10:41  Nexus  
  132  10:43  Protoss Ground Weapons Level 1 (Chrono Boost)  
  132  10:45  Assimilator  
  132  10:46  Assimilator  
  128  11:02  Zealot x8  
  110  11:23  Stalker x6  
  122  11:38  Shield Battery, Probe  
  123  11:40  Colossus (Chrono Boost), Photon Cannon  
  129  11:47  Probe  
  130  12:05  High Templar x3  
  130  12:06  High Templar  
  130  12:07  Probe x2  
  130  12:08  Probe x2  
  142  12:10  Archon x2  
  140  12:23  Colossus (Chrono Boost)  
  146  12:36  Zealot x4  
  154  12:37  Zealot x2  
  154  12:38  Zealot x2  
  162  12:53  Shield Battery  
  162  12:55  Twilight Council  
  162  13:01  Zealot x8  
  176  13:16  Pylon  
  176  13:17  Pylon x2  
  176  13:33  Nexus, Pylon  
  176  13:35  Stalker x5  
Tags
 
Add a new tag
Caveats
  • Supply blocks, unpowered buildings, or Contaminate may cause inaccurate times.
  • Supply counts are checked every 10 seconds.